 Dungeon Crawl Stone Soup version 0.31-a0-246-g8cbcc1cb85 (webtiles) character file.

Game seed: 1873226821139420018

51 qw the Shooter (level 3, -2/21 HPs)
             Began as a Gargoyle Hexslinger on July 12, 2023.
             Slain by Sigmund
             ... wielding a +3 scythe of venom
              (5 damage)
             ... on level 2 of the Dungeon.
             The game lasted 00:00:32 (1119 turns).

qw the Shooter (Gargoyle Hexslinger)                Turns: 1119, Time: 00:00:32

Health: -2/21      AC:  8    Str: 11    XL:     3   Next: 81%
Magic:  4/4        EV: 10    Int: 13    God:
Gold:   73         SH:  0    Dex: 14    Spells: 3/4 levels left

rFire   . . .        Y - +1 sling (flame)
rCold   . . .        (no shield)
rNeg    + . .        j - +0 ring mail
rPois   inf          (no helmet)
rElec   +            (no cloak)
rCorr   .            (no gloves)
SInv    .            (no boots)
Will    .....        (no amulet)
Stlth   +            (no ring)
HPRegen 0.23/turn    (no ring)
MPRegen 0.09/turn

%: no passive effects
@: about to teleport
A: sickness immunity, AC +3, negative energy resistance 1, electricity
resistance, torment resistance 1, petrification resistance
a: no special abilities


You were on level 2 of the Dungeon.
You visited 1 branch of the dungeon, and saw 2 of its levels.

You collected 73 gold pieces.


Innate Abilities, Weirdness & Mutations

You are immune to sickness and miasma.
Your stone body is resilient. (AC +3)
You are immune to poison.
You resist negative energy. (rN+)
You are resistant to electric shocks. (rElec)
You are resistant to unholy torment.
You are immune to petrification.


   Skills:
 - Level 2.0 Fighting
 + Level 3.7 Ranged Weapons
 - Level 1.5 Dodging
 - Level 1.0 Spellcasting
 - Level 2.6 Hexes


You had 3 spell levels left.
You knew the following spells:

 Your Spells              Type           Power      Damage    Failure   Level
a - Slow                  Hex            28%        N/A       22%         1

Your spell library contained the following spells:

 Spells                   Type           Power      Damage    Failure   Level
 Inner Flame              Hex/Fire       4%         N/A       75%         3
 Portal Projectile        Hex/Tloc       8%         N/A       75%         3
 Cause Fear               Hex            3%         N/A       92%         4

Inventory:

Hand Weapons
 Y - a +1 sling of flaming (weapon)
Armour
 b - a +0 pair of gloves
 j - a +0 ring mail (worn)
Jewellery
 a - an amulet of regeneration
Scrolls
 c - a scroll of enchant weapon {unknown}
Potions
 h - a potion of brilliance {unknown}
 l - a potion of mutation {unknown}
 m - 2 potions of curing

Dungeon Overview and Level Annotations

Branches:
Dungeon (2/15)

Altars:

Shops:
D:1 ?

Annotations:
D:2 Sigmund


Message History

Sigmund is lightly wounded.
Sigmund closely misses you.
You shoot a sling bullet. The sling bullet barely misses Sigmund.
Sigmund hits you from afar with a +3 scythe of venom!
You shoot a sling bullet. The sling bullet hits Sigmund.
The sling bullet burns Sigmund.
Sigmund is lightly wounded.
Sigmund screams, "Die, monster!"
Sigmund closely misses you.
You shoot a sling bullet. The sling bullet hits Sigmund.
The sling bullet burns Sigmund.
Sigmund is moderately wounded.
You shoot a sling bullet.
The sling bullet closely misses Sigmund.
Sigmund hits you from afar with a +3 scythe of venom.
You shoot a sling bullet. The sling bullet hits Sigmund.
The sling bullet burns Sigmund.
Sigmund is heavily wounded.
Sigmund barely misses you.
You shoot a sling bullet.
The sling bullet closely misses Sigmund.
Sigmund points at you and mumbles some strange words.
The puff of flame hits you.
Sigmund points at you and mumbles some strange words.
You are confused.
1116 ||| DRINKING 3 potions of curing.
You feel better.
1116 ||| (to cure confusion) Sigmund hits you from afar with a +3 scythe of venom.
You shoot a sling bullet. The sling bullet hits Sigmund.
The sling bullet burns Sigmund.
Sigmund is severely wounded.
Sigmund hits you from afar with a +3 scythe of venom!
1118 ||| READING scroll of teleportation.
As you read the scroll of teleportation, it crumbles to dust.
You feel strangely unstable.
You shoot a sling bullet. The sling bullet hits Sigmund.
The sling bullet burns Sigmund.
Sigmund is severely wounded.
Sigmund hits you from afar with a +3 scythe of venom.
You die...

#.##.##.#########.##
#.......# #.##
####.#### ##.##
#.......########....
#.##.##........#..#.
#.##.##........#..#.
#....##........#..#.
#..####...........#.
#..@........... #.
##.#####....... ..
#@ ....... ##. #J
####... ... #. .##
##.. #. # |. #. #. #
#


You could see Sigmund and an endoplasm.

Vanquished Creatures
  An adder (D:2)
  A worm (D:2)
  A dart slug (D:1)
  4 ball pythons
  4 bats (D:1)
  4 endoplasms
  2 giant cockroaches (D:1)
  4 goblins
  3 hobgoblins
  3 kobolds
  2 quokkas (D:1)
  A frilled lizard (D:1)
  4 rats
34 creatures vanquished.

Notes
Turn   | Place    | Note
-------+----------+-------------------------------------------
     0 | D:1      | qw the Gargoyle Hexslinger began the quest for the Orb.
     0 | D:1      | Reached XP level 1. HP: 12/12 MP: 2/2
     0 | D:1      | 0 ||| qw: Version: 0.3-a-52-g30416fa
     0 | D:1      | 0 ||| qw: Game counter: 6298
     0 | D:1      | 0 ||| qw: Melee chars always use a shield: true
     0 | D:1      | 0 ||| qw: God list: Okawaru
     0 | D:1      | 0 ||| qw: Allow faded altars: false
     0 | D:1      | 0 ||| qw: Do Orc after clearing Dungeon:15 true
     0 | D:1      | 0 ||| qw: Do second Lair branch before Depths: true
     0 | D:1      | 0 ||| qw: Lair rune preference: random
     0 | D:1      | 0 ||| qw: Goals: Normal
     0 | D:1      | 0 ||| PLANNING D:1-11
    36 | D:1      | Found a faded altar of an unknown god.
    73 | D:1      | Reached XP level 2. HP: 12/16 MP: 3/3
   214 | D:1      | Reached skill level 3 in Ranged Weapons
   282 | D:1      | Found Iheafufy's Magic Scroll Emporium.
   291 | D:1      | 291 ||| SHOPLISTING scroll of enchant armour (90 gold, have
                  | 0).
   291 | D:1      | 291 ||| SHOPLISTING scroll of identify (24 gold, have 0).
   291 | D:1      | 291 ||| SHOPLISTING scroll of teleportation (36 gold, have
                  | 0).
   309 | D:1      | Reached XP level 3. HP: 20/21 MP: 4/4
   586 | D:1      | 586 ||| UPGRADING to +0 leather armour.
   596 | D:1      | 596 ||| DROPPING +0 robe.
   597 | D:1      | 597 ||| UPGRADING to +0 ring mail.
   607 | D:1      | 607 ||| DROPPING +0 leather armour.
   608 | D:1      | 608 ||| READING scroll labelled FEKHLO VO ARUAG.
   609 | D:1      | 609 ||| READING scroll labelled ISHEHE RUNUH.
   610 | D:1      | 610 ||| READING 2 scrolls labelled MINI ETEUZ.
   613 | D:1      | 613 ||| READING scroll labelled ROCESIACAM.
   614 | D:1      | 614 ||| READING scroll labelled DIUGOM BACA.
   615 | D:1      | 615 ||| DRINKING 2 bubbling dark potions.
   616 | D:1      | 616 ||| DRINKING 2 smoky orange potions.
   617 | D:1      | 617 ||| DROPPING scroll of poison.
   618 | D:1      | 618 ||| DROPPING potion of invisibility.
  1107 | D:2      | Noticed Sigmund
  1116 | D:2      | 1116 ||| DRINKING 3 potions of curing.
  1116 | D:2      | 1116 ||| (to cure confusion)
  1117 | D:2      | HP: 2/21 [Sigmund/+3 scythe of venom (10)]
  1118 | D:2      | 1118 ||| READING scroll of teleportation.
  1119 | D:2      | Slain by Sigmund

Levels and vault maps discovered:
D:1:      sevenhm_arrival_forest_fort_large_2, layout_rooms,
          ebering_ecumenical_altar_mist, serial_shops, shop
D:2:      layout_loops_cross, uniq_sigmund

Skill      XL: |  1  2 |
---------------+-------+-----
Ranged Weapons | 3 |  3.7
Fighting       | 2 |  2.0
Dodging        | |  1.5
Spellcasting   | |  1.0
Hexes          | |  2.6

Action                     || total
---------------------------++-------
   Fire: Sling             ||   119
    Use: Scroll            ||     6
         Potion            ||     3
 Armour: Robe              ||     7
         Ring mail         ||     6
  Dodge: Dodged            ||    23

Table legend:
 A = Non-vault XP
 B = Vault XP
 C = Vault XP percentage of total XP
 D = Non-vault monster count
 E = Vault monster count
 F = Vault count percentage of total count
                 A         B        C        D         E       F
            +---------+---------+-------+---------+---------+-------
      Total |      73 |       0 |   0.0 |      34 |       0 |   0.0
            +---------+---------+-------+---------+---------+-------
        D:1 |      41 |       0 |   0.0 |      22 |       0 |   0.0
        D:2 |      32 |       0 |   0.0 |      12 |       0 |   0.0
            +---------+---------+-------+---------+---------+-------
